 Dungeon Crawl Stone Soup version 0.28-a0-802-g09f76e8c00 (webtiles) character file.

Game seed: 14239195200761893341

161204 vurker the Stormcaller (level 16, -10/139 HPs)
             Began as a Demigod Air Elementalist on Nov 6, 2021.
             Shot with a bolt by a naga sharpshooter (25 damage)
             ... on level 1 of the Snake Pit.
             The game lasted 01:07:19 (49629 turns).

vurker the Stormcaller (Demigod Air Elementalist)  Turns: 49629, Time: 01:07:19

Health: -10/139    AC: 12    Str:  9    XL:     16   Next: 64%
Magic:  36/51      EV: 16    Int: 47    God:
Gold:   1421       SH:  7    Dex: 18    Spells: 20/47 levels left

rFire   . . .      SeeInvis .   a - staff of air
rCold   + . .      Faith    .   o - +2 buckler {rPois}
rNeg    . . .      Spirit   .   K - +1 robe {rC+}
rPois   +          Reflect  .   p - +2 hat {Will+}
rElec   +          Harm     .   B - +2 cloak {Will+}
rCorr   .          Rampage  .   z - +2 pair of gloves
Will    +++..                   c - +0 pair of boots
Stlth   ++........              P - amulet "Donok" {Regen+ Int+4}
HPRegen 1.33/turn               L - +6 ring of intelligence
MPRegen 0.32/turn               k - ring of Unoc {MP+9 EV+4 Dex+4}

@: no status effects
A: high mp 1, forlorn
a: no special abilities


You were on level 1 of the Snake Pit.
You visited 4 branches of the dungeon, and saw 24 of its levels.
You also visited: Ice Cave.

You collected 3477 gold pieces.
You spent 2056 gold pieces at shops.

Inventory:

Missiles
 u - 6 throwing nets
Armour
 c - a +0 pair of boots (worn)
   (You found it on level 1 of the Dungeon)
 o - a +2 buckler of poison resistance (worn)
   (You acquired it on level 2 of the Orcish Mines)
 p - a +2 hat of willpower (worn)
   (You took it off Gastronok on level 1 of the Lair of Beasts)
 z - a +2 pair of gloves (worn)
   (You found it on level 7 of the Dungeon)
 B - a +2 cloak of willpower (worn)
   (You took it off Crazy Yiuf on level 7 of the Dungeon)
 K - a +1 robe of cold resistance (worn)
   (You took it off Fannar on level 10 of the Dungeon)
Magical Staves
 a - a staff of air (weapon)
   (You acquired it on level 8 of the Dungeon)
 b - a staff of cold
   (You found it on level 14 of the Dungeon)
Jewellery
 k - the ring of Unoc (right hand) {MP+9 EV+4 Dex+4}
   (You acquired it on level 8 of the Dungeon)

   [ring of evasion]

   EV:        It affects your evasion (+4).
   Dex:       It affects your dexterity (+4).
   MP:        It affects your magic capacity (+9).
 m - a ring of see invisible
   (You found it on level 3 of the Dungeon)
 w - a ring of ice
   (You found it on level 6 of the Dungeon)
 y - a ring of protection from cold
   (You found it on level 4 of the Lair of Beasts)
 L - a +6 ring of intelligence (left hand)
   (You found it on level 4 of the Lair of Beasts)
 O - a ring of protection from fire
   (You found it on level 15 of the Dungeon)
 P - the amulet "Donok" (around neck) {Regen+ Int+4}
   (You acquired it on level 15 of the Dungeon)

   [amulet of regeneration]

   Int:       It affects your intelligence (+4).
   Regen:     It increases your rate of health regeneration.
Wands
 d - a wand of iceblast (21)
   (You found it on level 4 of the Dungeon)
 t - a wand of flame (53)
   (You found it on level 8 of the Dungeon)
 G - a wand of mindburst (23)
   (You took it off a gnoll on level 8 of the Dungeon)
Scrolls
 f - 5 scrolls of immolation
 l - 2 scrolls of enchant armour
 n - 4 scrolls of teleportation
 s - 3 scrolls of fog
 C - 4 scrolls of holy word
 D - 4 scrolls of amnesia
 H - 3 scrolls of magic mapping
 I - 3 scrolls of identify
 M - a scroll of fear
Potions
 e - 8 potions of haste
 h - 4 potions of flight
 i - 9 potions of lignification
 q - a potion of attraction
 r - 2 potions of ambrosia
 v - 12 potions of curing
 x - 4 potions of brilliance
 A - 4 potions of mutation
 E - a potion of invisibility
 F - 2 potions of cancellation
 J - a potion of heal wounds
 N - 2 potions of magic


   Skills:
 + Level 12.2 Fighting
 - Level 1.7 Dodging
 - Level 1.7 Stealth
 - Level 4.0 Shields
 * Level 16.4 Spellcasting
 + Level 3.1 Conjurations
 * Level 7.9 Ice Magic
 + Level 19.0 Air Magic


You had 20 spell levels left.
You knew the following spells:

 Your Spells              Type           Power      Damage    Failure   Level
a - Shock                 Conj/Air       100%       1d9       0%          1
b - Lightning Bolt        Conj/Air       60%        1d83      1%          5
c - Airstrike             Air            72%        N/A       0%          4
d - Polar Vortex          Ice            42%        N/A       100%        9
f - Maxwell's Capacitive  Air            72%        ∞         1%          8

Your spell library contained the following spells:

 Spells                   Type           Power      Damage    Failure   Level
 Static Discharge         Conj/Air       100%       N/A       0%          2
 Swiftness                Air            100%       N/A       0%          3
 Animate Skeleton         Necr           76%        N/A       1%          1
 Apportation              Tloc           76%        N/A       1%          1
 Beastly Appendage        Tmut           76%        N/A       1%          1
 Sandblast                Erth           76%        2d16      1%          1
 Slow                     Hex            100%       N/A       1%          1
 Summon Small Mammal      Summ           100%       N/A       1%          1
 Blink                    Tloc           76%        N/A       1%          2
 Corpse Rot               Necr/Air       100%       N/A       1%          2
 Passwall                 Tmut/Erth      31%        N/A       1%          2
 Poisonous Vapours        Pois/Air       100%       N/A       1%          2
 Wereblood                Tmut           38%        N/A       1%          2
 Confusing Touch          Hex            38%        N/A       1%          3
 Frozen Ramparts          Ice            100%       1d12      1%          3
 Ozocubu's Armour         Ice            85%        N/A       1%          3
 Spider Form              Tmut/Pois      38%        N/A       1%          3
 Stone Arrow              Conj/Erth      100%       3d13      1%          3
 Tukima's Dance           Hex            38%        N/A       1%          3
 Hailstorm                Conj/Ice       74%        3d15      1%          4
 Ice Form                 Ice/Tmut       66%        N/A       1%          4
 Summon Ice Beast         Ice/Summ       66%        N/A       1%          4
 Summon Lightning Spire   Summ/Air       100%       N/A       1%          4
 Freezing Cloud           Conj/Ice/Air   57%        6-21      1%          5
 Fulminant Prism          Conj/Hex       26%        3d14      3%          4
 Iskenderun's Mystic Bla  Conj/Tloc      52%        2d11      3%          4
 Sticky Flame             Conj/Fire      52%        2d7       3%          4
 Metabolic Englaciation   Hex/Ice        33%        N/A       3%          5
 Leda's Liquefaction      Hex/Erth       19%        N/A       5%          4
 Passage of Golubria      Tloc           38%        N/A       5%          4
 Petrify                  Tmut/Erth      38%        N/A       5%          4
 Irradiate                Conj/Tmut      26%        3d22      9%          5
 Storm Form               Tmut/Air       56%        N/A       10%         7
 Alistair's Intoxication  Tmut/Pois      25%        N/A       16%         5
 Blade Hands              Tmut           19%        N/A       16%         5
 Lee's Rapid Deconstruct  Erth           19%        3d12*     16%         5
 Manifold Assault         Tloc           38%        N/A       16%         5
 Yara's Violent Unravell  Hex/Tmut       19%        3d9       16%         5
 Simulacrum               Ice/Necr       33%        N/A       17%         6
 Starburst                Conj/Fire      26%        6d8       43%         6
 Invisibility             Hex            19%        N/A       65%         6
 Statue Form              Tmut/Erth      25%        N/A       65%         6
 Dragon Form              Tmut           19%        N/A       99%         7
 Chain Lightning          Conj/Air       60%        3d80      99%         9


Dungeon Overview and Level Annotations

Branches:
Dungeon (15/15)            Temple (0/1) D:7            Lair (6/6) D:11
 Shoals (0/4) Lair:3        Snake (1/4) Lair:3        Slime (0/5) Lair:6
    Orc (2/2) D:11            Elf (0/3) Orc:2        Vaults (0/5) D:13
 Depths (0/4) D:15          IceCv (visited)

Shops:
D:8 ((:*   D:10 *   D:12 *   Orc:2 ?*!?

Annotations:
Lair:5 2 transporters
Orc:1 1 transporter


Innate Abilities, Weirdness & Mutations

Your attributes grow dramatically as you level up.
You have an increased reservoir of magic. (+10% MP)
You shall have no god before yourself.


Message History

The salamander hits you!!
You are engulfed in flames!
* * * LOW HITPOINT WARNING * * *
The naga mage closely misses you.
The naga warrior hits you with a +0 scimitar!!
* * * LOW HITPOINT WARNING * * *
The guardian serpent casts a spell at you.
The naga mage blinks!
The black mamba barely misses you.
The naga hits you with a +0 short sword!
* * * LOW HITPOINT WARNING * * *
The naga constricts you.
* * * LOW HITPOINT WARNING * * *
As you read the scroll of fear, it crumbles to dust.
You assume a fearsome visage.
The guardian serpent looks frightened!
The naga warrior looks frightened!
The naga mage looks frightened!
The salamander looks frightened!
The naga looks frightened!
The black mamba looks frightened!
The naga mage looks frightened!
The naga mage easily resists.
The naga warrior looks frightened!
The naga mage starts to cry.
The naga loses its grip on you.
You stop ascending the stairs.
Your surroundings suddenly seem different. 2 nagas and a naga sharpshooter come into view.
Found a short sword.
The naga sharpshooter unwields a +0 halberd.
The naga sharpshooter wields a +0 arbalest.
The naga sharpshooter gestures wildly while chanting.
Aim: a naga, wielding a +0 flail (wandering, hasn't noticed you, empty space bonus: 4/8)
You feel a surge of power!
The air twists around and strikes the naga!!
The naga shouts! x2; You hear a shout!
The naga sharpshooter shoots a bolt.
You block the bolt.
Aim: a naga, wielding a +0 flail (severely wounded, empty space bonus: 4/8)
You feel a surge of power!
The air twists around and strikes the naga!
You kill the naga!
The naga sharpshooter shoots a bolt.
The bolt hits you!!
* * * LOW HITPOINT WARNING * * *
Aim: a naga, wielding a +0 war axe (empty space bonus: 6/8)
You feel a surge of power!
The air twists around and strikes the naga!!
The naga sharpshooter shoots a bolt.
You block the bolt. The naga hits you with a +0 war axe!
* * * LOW HITPOINT WARNING * * *
The naga misses you.
Aim: a naga, wielding a +0 war axe (severely wounded, empty space bonus: 6/8)
You feel a surge of power!
The air twists around and strikes the naga!!
You kill the naga!
The naga sharpshooter shoots a bolt.
The bolt hits you!!
You die...

.N.## #######
.... .......
...# ..... ...
. ...)#..# ...
#.....#....
##)........
#..@.#
........)......
.......##.##...
....... ..# .
##..... .#
##.... .. ####.
.. .. ...


You could see a naga sharpshooter.

Vanquished Creatures
  Kirke (D:13)
  Gastronok (Lair:1)
  2 frost giants (IceCv)
  A fire giant (D:12)
  A white draconian (IceCv)
  3 fire dragons
  Fannar (D:10)
  7 boulder beetles
  An ironbound frostheart (IceCv)
  13 hydras
  3 ice dragons
  Harold (D:9)
  10 two-headed ogres
  3 vault guards (D:13)
  6 centaur warriors
  2 ogre magi
  7 death yaks
  Erica (D:9)
  3 catoblepae
  6 orc high priests (Orc:2)
  4 tengu warriors
  Urug (Lair:5)
  2 shock serpents
  9 skeletal warriors
  A fire crab (Lair:6)
  An orange crystal statue (IceCv)
  A deep elf archer (D:13)
  Pikel (D:7)
  13 orc knights
  6 deep elf pyromancers
  A mana viper (Snake:1)
  21 ugly things
  2 oklob plants (Lair:4)
  3 cyclopes (D:12)
  6 manticores
  9 black mambas
  2 torpor snails
  11 elephants
  13 cane toads
  Joseph (D:9)
  3 molten gargoyles (Lair:6)
  4 gargoyles
  An efreet (D:14)
  5 unseen horrors
  3 tengu conjurers
  Psyche (D:9)
  4 kobold demonologists
  17 rime drakes
  16 komodo dragons
  3 freezing wraiths (D:15)
  A queen bee (D:14)
  3 meliai (D:14)
  15 trolls
  A snapping turtle (Lair:3)
  6 dream sheep
  19 blink frogs
  3 slime creatures (D:13)
  18 polar bears
  A hornet (shapeshifter) (D:13)
  7 shadows
  46 yaks
  3 vampires
  4 wraiths
  9 wyverns
  10 basilisks
  2 water elementals
  Grum (D:11)
  4 steam dragons
  3 vampire mosquitoes
  6 nagas
  19 water moccasins
  3 wargs (Orc:2)
  3 hell hounds (Lair:6)
  48 orc warriors
  4 black bears
  9 ogres
  3 necrophages
  3 boggarts (D:15)
  21 wolves
  17 centaurs
  2 kobold brigands
  4 gnoll sergeants
  15 bullfrogs
  A wyvern zombie (D:7)
  A water moccasin zombie (D:5)
  5 scorpions
  A water moccasin skeleton (D:7)
  34 killer bees
  3 wights (D:6)
  3 electric eels
  4 howler monkeys
  A centaur zombie (D:10)
  6 jellies
  5 lava snakes (Lair:6)
  25 orc priests
  A hound (D:6)
  3 bullfrog skeletons
  2 gnoll shamans
  Crazy Yiuf (D:7)
  2 centaur skeletons (D:7)
  36 orc wizards
  An iguana (D:5)
  2 hound skeletons (D:4)
  3 howler monkey zombies
  12 gnolls
  A howler monkey skeleton (D:7)
  11 adders
  A shadow imp (D:7)
  A white imp (D:6)
  An adder skeleton (D:5)
  106 orcs
  5 ball pythons
  14 endoplasms
  3 giant cockroaches
  10 goblins
  11 hobgoblins
  6 jackals
  29 kobolds
  5 quokkas
  8 bats
  2 frilled lizards
  24 rats
941 creatures vanquished.

Vanquished Creatures (others)
  3 humans (D:13)
  An orc wizard (D:5)
  59 fungi
  124 plants
  3 withered plants (D:3)
190 creatures vanquished.

Grand Total: 1131 creatures vanquished

Notes
Turn   | Place    | Note
-------+----------+-------------------------------------------
     0 | D:1      | vurker the Demigod Air Elementalist began the quest for the
                  | Orb.
     0 | D:1      | Reached XP level 1. HP: 14/14 MP: 5/5
   159 | D:1      | Reached skill level 1 in Conjurations
   434 | D:1      | Reached XP level 2. HP: 20/20 MP: 0/7
   667 | D:1      | Reached skill level 3 in Air Magic
  1209 | D:2      | Reached XP level 3. HP: 27/27 MP: 5/9
  1420 | D:2      | Reached skill level 1 in Fighting
  2018 | D:2      | Reached XP level 4. HP: 35/35 MP: 1/10
  2998 | D:3      | Reached XP level 5. HP: 40/40 MP: 8/12
  3067 | D:3      | Learned a level 4 spell: Airstrike
  3443 | D:3      | Reached skill level 1 in Shields
  4260 | D:4      | Reached skill level 4 in Air Magic
  4544 | D:4      | Reached XP level 6. HP: 18/48 MP: 6/14
  5096 | D:4      | Learned a level 5 spell: Lightning Bolt
  5642 | D:5      | Entered Level 5 of the Dungeon
  5695 | D:5      | Noticed a water moccasin
  5699 | D:5      | Killed a water moccasin
  5700 | D:5      | Reached XP level 7. HP: 48/56 MP: 10/16
  5842 | D:5      | Reached skill level 5 in Air Magic
  6357 | D:5      | HP: 2/57 [poisoned by a water moccasin]
  6878 | D:5      | Reached XP level 8. HP: 25/63 MP: 9/18
  7433 | D:5      | Reached skill level 5 in Spellcasting
  7822 | D:6      | Reached skill level 6 in Air Magic
  9382 | D:7      | Reached XP level 9. HP: 71/71 MP: 12/21
  9450 | D:7      | Reached skill level 7 in Air Magic
  9531 | D:7      | Found a runed translucent door.
  9532 | D:7      | Noticed Crazy Yiuf
 10171 | D:7      | Noticed Pikel
 10227 | D:7      | Killed Crazy Yiuf
 10274 | D:7      | Killed Pikel
 10461 | D:7      | Found a staircase to the Ecumenical Temple.
 10611 | D:8      | Found Durghaosh's Antique Weapon Shop.
 10788 | D:8      | Identified 2 scrolls of acquirement
 10788 | D:8      | Acquired a staff of air
 10791 | D:8      | Acquired the ring of Unoc {MP+9 EV+4 Dex+4}
 10976 | D:8      | Reached skill level 5 in Fighting
 10979 | D:8      | Reached skill level 8 in Air Magic
 11287 | D:8      | Identified the +1 ring mail "Doutononk" {Str+4}
 11779 | D:8      | Found Ymerr's Weapon Shoppe.
 11913 | D:8      | Found Waewnur's General Store.
 11934 | D:8      | Reached XP level 10. HP: 81/81 MP: 7/25
 12365 | D:8      | Found Zynaxoma's Book Boutique.
 12499 | D:9      | Noticed Erica
 12502 | D:9      | Noticed Psyche
 12845 | D:9      | Noticed Harold
 12850 | D:9      | Killed Harold
 12851 | D:9      | Reached skill level 9 in Air Magic
 13016 | D:9      | Killed Erica
 13264 | D:9      | Killed Psyche
 13466 | D:9      | Noticed Joseph
 13666 | D:9      | Killed Joseph
 14042 | D:9      | Noticed a two-headed ogre
 14285 | D:9      | Reached skill level 10 in Air Magic
 14474 | D:9      | Killed a two-headed ogre
 14475 | D:9      | Reached XP level 11. HP: 88/91 MP: 16/28
 15013 | D:10     | Entered Level 10 of the Dungeon
 15466 | D:10     | Noticed a two-headed ogre
 15467 | D:10     | Noticed Fannar
 15646 | D:10     | Killed Fannar
 15727 | D:10     | Found a flagged portal.
 15933 | D:10     | Killed a two-headed ogre
 15934 | D:10     | Reached skill level 10 in Spellcasting
 15934 | D:10     | Reached skill level 11 in Air Magic
 16028 | D:10     | Found Xaboliz's General Store.
 16730 | D:11     | Noticed Grum
 16736 | D:11     | Killed Grum
 17156 | D:11     | Noticed a tengu warrior
 17164 | D:11     | Killed a tengu warrior
 18062 | D:11     | Noticed a boulder beetle
 18064 | D:11     | Found a staircase to the Lair.
 18073 | D:11     | Killed a boulder beetle
 18085 | D:11     | Reached XP level 12. HP: 75/101 MP: 17/31
 18686 | D:11     | Found a staircase to the Orcish Mines.
 18776 | Lair:1   | Entered Level 1 of the Lair of Beasts
 18916 | Lair:1   | Reached skill level 12 in Air Magic
 18916 | Lair:1   | Reached XP level 13. HP: 107/107 MP: 33/33
 18976 | Lair:1   | Reached skill level 13 in Air Magic
 19218 | Lair:1   | Noticed Gastronok
 19230 | Lair:1   | Killed Gastronok
 21880 | D:8      | Bought a manual of Air Magic for 880 gold pieces
 22470 | Lair:3   | Reached skill level 14 in Air Magic
 22956 | Lair:3   | Found a staircase to the Snake Pit.
 23236 | Lair:3   | Found a staircase to the Shoals.
 24561 | Lair:4   | Reached skill level 15 in Air Magic
 24805 | Lair:4   | Reached XP level 14. HP: 118/118 MP: 10/36
 26451 | Lair:5   | Noticed Urug
 26615 | Lair:5   | Killed Urug
 26783 | Lair:5   | Found a transporter.
 26784 | Lair:5   | Found a transporter.
 27171 | Lair:5   | Reached skill level 16 in Air Magic
 27813 | Lair:6   | Entered Level 6 of the Lair of Beasts
 28181 | Lair:6   | Reached skill level 10 in Fighting
 28536 | Lair:6   | Found a staircase to the Slime Pits.
 29602 | Lair:6   | Reached skill level 17 in Air Magic
 30595 | Lair:6   | Found a large runed translucent door.
 30596 | Lair:6   | Found a large runed translucent door.
 31597 | D:8      | Bought a book of Lightning for 396 gold pieces
 31606 | D:8      | Learned a level 8 spell: Maxwell's Capacitive Coupling
 31869 | Snake:1  | Entered Level 1 of the Snake Pit
 32043 | Orc:1    | Entered Level 1 of the Orcish Mines
 32497 | Orc:1    | Found a transporter.
 33656 | Orc:2    | Entered Level 2 of the Orcish Mines
 34036 | Orc:2    | Learned a level 9 spell: Polar Vortex
 34578 | Orc:2    | Found a staircase to the Elven Halls.
 35115 | Orc:1    | Found the +8 Wrath of Trog {antimagic, *Rage Rampage}
 35302 | Orc:2    | Reached skill level 1 in Ice Magic
 35785 | Orc:2    | Reached XP level 15. HP: 128/128 MP: 28/39
 36382 | Orc:2    | Reached skill level 18 in Air Magic
 36871 | Orc:2    | Found Yhyluuk's Magic Scroll Boutique.
 36874 | Orc:2    | Found Paecvy's Distillery.
 36875 | Orc:2    | Found Xyav's Magic Scroll Boutique.
 36876 | Orc:2    | Found Qamp's General Store.
 36983 | Orc:2    | Bought a scroll of acquirement for 780 gold pieces
 36983 | Orc:2    | Acquired a +2 buckler of poison resistance
 38226 | D:12     | Reached skill level 15 in Spellcasting
 38441 | D:12     | Found Vealyseu's Elemental Accessories.
 39832 | D:12     | Noticed a fire giant
 39964 | D:12     | Killed a fire giant
 41415 | D:13     | Noticed Kirke
 41432 | D:13     | Killed Kirke
 42522 | D:13     | Reached skill level 5 in Ice Magic
 43311 | D:13     | Found a gate to the Vaults.
 43594 | D:14     | Reached XP level 16. HP: 117/138 MP: 34/41
 45075 | D:15     | Entered Level 15 of the Dungeon
 45462 | D:15     | Found a frozen archway.
 45548 | IceCv    | Entered an ice cave
 47116 | IceCv    | Reached skill level 19 in Air Magic
 48190 | D:15     | Identified the +1 chain mail of Paranoia {rN+ rCorr Dex+3}
 48769 | D:15     | Found a staircase to the Depths.
 48962 | D:15     | Acquired the Almanac of Transformation and Confrontation
 48963 | D:15     | Acquired the amulet "Donok" {Regen+ Int+4}
 48977 | D:15     | Acquired 699 gold pieces
 49629 | Snake:1  | Shot with a bolt by a naga sharpshooter

Illustrated notes

Levels and vault maps discovered:
D:1:      tarquinn_simple_flora_water_d, layout_loops_cross, serial_glass,
          glass_columns_a, glass_columns_b
D:2:      layout_basic, amcnicky_mini_pool_small, st_stairs_2, minmay_rat_hole
D:3:      minmay_spotlight, layout_loops_ring, mainiacjoe_overflow_alcove_1,
          shapermc_ecumenical_altar_flowoftime, minmay_ruptured
D:4:      layout_loops_ring
D:5:      layout_loops_ring, general_overflow_altar,
          chequers_serial_rivers_large_b, hangedman_glass_teeth,
          kennysheep_generic_room_15
D:6:      layout_basic, mainiacjoe_overflow_concentric_impassable
D:7:      layout_rooms, minitemple, minmay_temple_entry_poolview,
          uniq_crazy_yiuf_cottage, uniq_pikel
D:8:      layout_loops_ring, serial_shops, nicolae_shop_stone,
          nicolae_shop_crystal, nicolae_lakefront_shop, shop
D:9:      layout_loops_cross, kennysheep_kite_vault, uniq_erica, uniq_joseph,
          uniq_harold, uniq_psyche
D:10:     layout_basic, serial_shops, shop, enter_bailey_8, uniq_fannar
D:11:     layout_roguey, minmay_lair_entry_grove, erik_orc_2,
          chequers_hall_statues_wall_a, uniq_grum
D:12:     nzn_winding_woodlands_large [nzn_winding_woodlands_5x5_cross,
          nzn_winding_woodlands_5x15_sawtooth,
          nzn_winding_woodlands_5x5_closed_star,
          nzn_winding_woodlands_center_triple_pond,
          nzn_winding_woodlands_15x15_killbox,
          nzn_winding_woodlands_center_pierced_h,
          nzn_winding_woodlands_hourglass, nzn_winding_woodlands_5x15_longhouse,
          nzn_winding_woodlands_5x5_open_star], layout_basic,
          nicolae_elemental_shop
D:13:     layout_layer_cave, grunt_vaults_entry_fortified,
          nicolae_ashenzari_panopticon, uniq_kirke
D:14:     layout_basic, serial_bayou_ford_a, nicolae_looking_at_the_future
D:15:     grunt_enter_depths_hoard, layout_stronghold,
          portal_ice_cave_entry_frozen_things, nicolae_benzene_ring
Lair:1:   layout_roguey, uniq_gastronok
Lair:2:   layout_cellular_growth, gauntlet_entry_generic
Lair:3:   layout_gridlike, minmay_shoals_entry_hut, guppyfry_snake_entry_garden,
          st_stairs_11
Lair:4:   dpeg_oklob_gauntlet, layout_concentric_octagons, lemuel_fruit_fields,
          infiniplex_staircase_pool
Lair:5:   gammafunk_boulding_lane, layout_regular_city, uniq_urug
Lair:6:   cheibrodos_lair_end_hotspot, layout_gridlike,
          nicolae_slime_entry_slimehenge, basic_altar
Snake:1:  layout_onion_interference, lightli_airlock, grunt_megastairs_3
Orc:1:    emtedronai_trogs_sanctum, layout_diamond_mine, nicolae_orc_rockfall
Orc:2:    st_orc_pillars, layout_caves

Skill      XL: |  1  2  3  4  5  6  7  8  9 10 11 12 13 14 15 16 |
---------------+-------------------------------------------------+-----
Conjurations   | 1 2 3 |  3.1
Spellcasting   | 2 3 4 6 7 9 10 11 13 14 15 16 | 16.4
Air Magic      | 3 4 5 6 8 10 11 12 15 17 18 19 | 19.0
Fighting       | 1 2 3 4 5 6 8 9 10 11 12 | 12.2
Shields        | 1 2 4 |  4.0
Ice Magic      | 1 5 7 |  7.9
Dodging        | |  1.7
Stealth        | |  1.7

Action                   |  1- 3 |  4- 6 |  7- 9 | 10-12 | 13-15 | 16-18 || total
-------------------------+-------+-------+-------+-------+-------+-------++-------
Melee: Unarmed           |    10 |       |       |       |       |       ||    10
       Whip              |       |     5 |    11 |       |       |       ||    16
       Staff             |       |       |       |     4 |     4 |       ||     8
 Cast: Shock             |   119 |   150 |   215 |    48 |    17 |     5 ||   554
       Airstrike         |       |       |    68 |   205 |  1005 |   194 ||  1472
       Lightning Bolt    |       |       |     3 |    26 |    44 |    31 ||   104
       Maxwell's Capacit |       |       |       |       |    31 |    22 ||    53
Evoke: Wand              |       |       |     1 |     4 |       |       ||     5
  Use: Scroll            |       |    10 |    11 |     5 |    10 |     7 ||    43
       Potion            |       |       |       |     1 |     3 |     1 ||     5
Armor: Robe              |     9 |     9 |    20 |    18 |    60 |    46 ||   162
Dodge: Dodged            |    17 |    24 |    55 |    73 |   130 |   122 ||   421
Block: Buckler           |       |     2 |    16 |    19 |    62 |    64 ||   163

Table legend: (Time is in decaauts)
 A = Elapsed time spent in this place.
 B = Non-inter-level travel time spent in this place.
 C = Inter-level travel time spent in this place.
 D = Time resting spent in this place.
 E = Time spent auto-exploring this place.
 F = Levels seen in this place.
 G = Mean time per level.
                   A        B        C        D        E       F      G
               +--------+--------+--------+--------+--------+-----+--------+
         Total |  49745 |  47051 |   2694 |   3908 |  37311 |  25 | 1989.8 |
       Dungeon |  29530 |  28071 |   1459 |   1719 |  22999 |  15 | 1968.7 |
          Lair |  12927 |  11897 |   1030 |   1905 |   8701 |   6 | 2154.5 |
     Snake Pit |     38 |     37 |      1 |      0 |      5 |   1 |   38.0 |
  Orcish Mines |   4842 |   4639 |    203 |    132 |   3807 |   2 | 2421.0 |
      Ice Cave |   2406 |   2406 |      0 |    152 |   1799 |   1 | 2406.0 |
               +--------+--------+--------+--------+--------+-----+--------+

Top non-repeatable levels by time:
    D:12: 3370 daAuts
   Orc:2: 3237 daAuts
    D:13: 2800 daAuts
  Lair:4: 2703 daAuts
    D:11: 2676 daAuts
  Lair:5: 2430 daAuts
   IceCv: 2406 daAuts
  Lair:6: 2296 daAuts
     D:9: 2272 daAuts
  Lair:3: 2142 daAuts
     D:8: 2056 daAuts
     D:7: 2017 daAuts
     D:5: 1978 daAuts
    D:10: 1977 daAuts
    D:14: 1864 daAuts
